ORI
ARIZONA STATE UNIVERSITY SUN DEVILS @ OREGON STATE UNIVERSITY BEAVERS
11/21/2044
 
TOP OF THE 1ST
Clearwater Threshers batting - Pitching for Bradenton Marauders : LHP Martin Cotado
Pitching: LHP Martin Cotado
Batting: RHB Juan Aleman 0-0: Foul Ball, location: 2F
0-1: Swinging Strike
0-2: Foul Ball, location: 2F
0-2: Foul Ball, location: 2F
0-2: Foul Ball, location: 2F
0-2: Strikes out swinging
Batting: LHB Jose Torres 0-0: Called Strike
0-1: Foul Ball, location: 2F
0-2: Ball
1-2: Strikes out swinging
Batting: SHB Joe Lightell 0-0: Swinging Strike
0-1: Swinging Strike
0-2: SINGLE (Groundball, 4MS, EV 63.8 MPH) (infield hit)
Batting: RHB Bobby Rolison 0-0: Ball
1-0: Ground out 4-3 (Groundball, 4, EV 93.8 MPH)
Top of the 1st over - 0 runs, 1 hit, 0 errors, 1 left on base; Clearwater 0 - Bradenton 0
BOTTOM OF THE 1ST
Bradenton Marauders batting - Pitching for Clearwater Threshers : LHP Jesus Barajas
Pitching: LHP Jesus Barajas
Batting: RHB Slamet Pamungkas 0-0: Fly out, F4 (Line Drive, 4, EV 65.0 MPH)
Batting: RHB Yoshiaki Tsutsui 0-0: Ball
1-0: Ball
2-0: Ball
3-0: Called Strike
3-1: Fly out, F7 (Line Drive, 7S, EV 110.0 MPH)
Batting: SHB Mike Jorgenson 0-0: Called Strike
0-1: Ball
1-1: Foul Ball, location: 2F
1-2: Ball
2-2: Ball
3-2: Base on Balls
Batting: RHB Pedro Criollo 0-0: Ball
1-0: Ball
2-0: Ball
3-0: Base on Balls
Mike Jorgenson to second
Batting: RHB Lupe Covarrubias 0-0: Ball
1-0: Ground out 5-3 (Groundball, 56S, EV 83.1 MPH)
Bottom of the 1st over - 0 runs, 0 hits, 0 errors, 2 left on base; Clearwater 0 - Bradenton 0
TOP OF THE 2ND
Clearwater Threshers batting - Pitching for Bradenton Marauders : LHP Martin Cotado
Batting: SHB Isaiah Dixon 0-0: Foul Ball, location: 2F
0-1: Ball
1-1: TRIPLE (Flyball, 78XD, EV 99.4 MPH)
Batting: LHB Alexis Burgos 0-0: Called Strike
0-1: Ground out 6-3 (Groundball, 4MS, EV 91.9 MPH)
Isaiah Dixon scores
Batting: RHB Arnaud Christophe 0-0: Ball
1-0: Ball
2-0: Foul Ball, location: 2F
2-1: Swinging Strike
2-2: Ball
3-2: Base on Balls
Batting: LHB Ignacio Bernal 0-0: Ball
1-0: Fielders Choice at 2nd, 6-4 (Groundball, 6M, EV 85.0 MPH)
Batting: LHB Jesus Barajas 0-0: Foul Ball, location: 2F
0-1: SINGLE (Flyball, 56D, EV 85.6 MPH)
Ignacio Bernal to second
Runner from 2nd tries for 3rd, OUT! 7-5
Top of the 2nd over - 1 run, 2 hits, 0 errors, 1 left on base; Clearwater 1 - Bradenton 0
BOTTOM OF THE 2ND
Bradenton Marauders batting - Pitching for Clearwater Threshers : LHP Jesus Barajas
Batting: LHB Alex Mandry 0-0: Ball
1-0: Ground out U3 (Groundball, 3, EV 77.5 MPH)
Batting: RHB Sergio Aceves 0-0: Ball
1-0: Swinging Strike
1-1: Called Strike
1-2: TRIPLE (Flyball, 89XD, EV 105.0 MPH)
Batting: SHB Francisco Salazar 0-0: Ball
1-0: Ball
2-0: Ball
3-0: Base on Balls
Batting: LHB Martin Cotado 0-0: Ball
1-0: Fielders Choice at 2nd, 4-6 (Groundball, 34, EV 83.1 MPH)
Sergio Aceves scores
Batting: RHB Slamet Pamungkas 0-0: Ball
1-0: Called Strike
1-1: Ground out 4-3 (Groundball, 4, EV 77.5 MPH)
Bottom of the 2nd over - 1 run, 1 hit, 0 errors, 1 left on base; Clearwater 1 - Bradenton 1
TOP OF THE 3RD
Clearwater Threshers batting - Pitching for Bradenton Marauders : LHP Martin Cotado
Batting: RHB Juan Aleman 0-0: Foul Ball, location: 2F
0-1: Ground out 6-3 (Groundball, 6, EV 98.8 MPH)
Batting: LHB Jose Torres 0-0: Ball
1-0: Ball
2-0: Ball
3-0: Base on Balls
Batting: SHB Joe Lightell 0-0: Ball
1-0: Ball
2-0: Foul Ball, location: 2F
2-1: Ball
3-1: Base on Balls
Jose Torres to second
Batting: RHB Bobby Rolison 0-0: Ball
1-0: Ball
2-0: Called Strike
2-1: Foul Ball, location: 2F
2-2: Foul Ball, location: 2F
2-2: Fly out, F6 (Line Drive, 6, EV 63.1 MPH)
Batting: SHB Isaiah Dixon 0-0: Ball
1-0: Ball
2-0: Ball
3-0: Called Strike
3-1: Swinging Strike
3-2: Foul Ball, location: 2F
3-2: Ground out 5-3 (Groundball, 5, EV 93.8 MPH)
Top of the 3rd over - 0 runs, 0 hits, 0 errors, 2 left on base; Clearwater 1 - Bradenton 1
BOTTOM OF THE 3RD
Bradenton Marauders batting - Pitching for Clearwater Threshers : LHP Jesus Barajas
Batting: RHB Yoshiaki Tsutsui 0-0: Ground out 5-3 (Groundball, 5S, EV 66.9 MPH)
Batting: SHB Mike Jorgenson 0-0: Called Strike
0-1: Ball
1-1: Ball
2-1: Ball
3-1: Called Strike
3-2: Ground out 6-3 (Groundball, 6, EV 81.3 MPH)
Batting: RHB Pedro Criollo 0-0: Called Strike
0-1: Foul Ball, location: 2F
0-2: Foul Ball, location: 2F
0-2: Ground out 6-3 (Groundball, 6, EV 83.1 MPH)
Bottom of the 3rd over - 0 runs, 0 hits, 0 errors, 0 left on base; Clearwater 1 - Bradenton 1
TOP OF THE 4TH
Clearwater Threshers batting - Pitching for Bradenton Marauders : LHP Martin Cotado
Batting: LHB Alexis Burgos 0-0: Ball
1-0: Ball
2-0: Foul Ball, location: 2F
2-1: Ball
3-1: Foul Ball, location: 2F
3-2: Base on Balls
Batting: RHB Arnaud Christophe 0-0: Ball
1-0: Ball
2-0: Ball
3-0: Base on Balls
Alexis Burgos to second
Batting: LHB Ignacio Bernal 0-0: Called Strike
0-1: Ball
1-1: Ball
2-1: Ball
3-1: Foul Ball, location: 2F
3-2: Fly out, F2 (Popup, 23F, EV 93.8 MPH)
Batting: LHB Jesus Barajas 0-0: Bunted foul
0-1: Bunt missed!
0-2: Grounds into double play, 6-4-3 (Groundball, 56, EV 100.6 MPH)
Top of the 4th over - 0 runs, 0 hits, 0 errors, 1 left on base; Clearwater 1 - Bradenton 1
BOTTOM OF THE 4TH
Bradenton Marauders batting - Pitching for Clearwater Threshers : LHP Jesus Barajas
Batting: RHB Lupe Covarrubias 0-0: Ball
1-0: Ground out 5-3 (Groundball, 5L, EV 88.8 MPH)
Batting: LHB Alex Mandry 0-0: Bunt for hit to P - play at first, batter OUT! 1-3
Batting: RHB Sergio Aceves 0-0: Swinging Strike
0-1: Fly out, F7 (Flyball, 7, EV 90.6 MPH)
Bottom of the 4th over - 0 runs, 0 hits, 0 errors, 0 left on base; Clearwater 1 - Bradenton 1
TOP OF THE 5TH
Clearwater Threshers batting - Pitching for Bradenton Marauders : LHP Martin Cotado
Batting: RHB Juan Aleman 0-0: Foul Ball, location: 2F
0-1: Foul Ball, location: 2F
0-2: SINGLE (Groundball, 6MS, EV 66.9 MPH) (infield hit)
Batting: LHB Jose Torres 0-0: Called Strike
0-1: Called Strike
0-2: Ball
1-2: Strikes out swinging
Batting: SHB Joe Lightell 0-0: Called Strike
0-1: Ball
1-1: Ball
2-1: Foul Ball, location: 2F
2-2: Foul Ball, location: 2F
2-2: Ground out 5-3 (Groundball, 5S, EV 66.3 MPH)
Juan Aleman to second
Batting: RHB Bobby Rolison 0-0: SINGLE (Groundball, 56, EV 90.6 MPH) (infield hit)
Juan Aleman to third
Batting: SHB Isaiah Dixon 0-0: Called Strike
0-1: Ball
1-1: 3-RUN HOME RUN (Flyball, 7D, EV 103.8 MPH), Distance : 358 ft
Batting: LHB Alexis Burgos 0-0: Foul Ball, location: 2F
0-1: Ground out 1-3 (Groundball, P, EV 70.0 MPH)
Top of the 5th over - 3 runs, 3 hits, 0 errors, 0 left on base; Clearwater 4 - Bradenton 1
BOTTOM OF THE 5TH
Bradenton Marauders batting - Pitching for Clearwater Threshers : LHP Jesus Barajas
Batting: SHB Francisco Salazar 0-0: Ball
1-0: Ball
2-0: Foul Ball, location: 2F
2-1: Foul Ball, location: 2F
2-2: Ground out 6-3 (Groundball, 6, EV 103.1 MPH)
Pinch Hitting: RHB Nelson Ozuna 0-0: Called Strike
0-1: Ground out 5-3 (Groundball, 56S, EV 75.0 MPH)
Batting: RHB Slamet Pamungkas 0-0: Ball
1-0: Called Strike
1-1: DOUBLE (Line Drive, 8LD, EV 99.4 MPH)
Batting: RHB Yoshiaki Tsutsui 0-0: Called Strike
0-1: Foul Ball, location: 2F
0-2: Fly out, F7 (Flyball, 7LS, EV 86.9 MPH)
Bottom of the 5th over - 0 runs, 1 hit, 0 errors, 1 left on base; Clearwater 4 - Bradenton 1
TOP OF THE 6TH
Clearwater Threshers batting - Pitching for Bradenton Marauders : LHP Martin Cotado
Pitching: RHP Josh Palmer
Batting: RHB Arnaud Christophe 0-0: Called Strike
0-1: Ball
1-1: Swinging Strike
1-2: Foul Ball, location: 2F
1-2: Strikes out swinging
Batting: LHB Ignacio Bernal 0-0: Foul Ball, location: 2F
0-1: Ball
1-1: Swinging Strike
1-2: Foul Ball, location: 2F
1-2: Strikes out looking
Batting: LHB Jesus Barajas 0-0: Ball
1-0: Ball
2-0: Foul Ball, location: 2F
2-1: Ground out 5-3 (Groundball, 5, EV 84.4 MPH)
Top of the 6th over - 0 runs, 0 hits, 0 errors, 0 left on base; Clearwater 4 - Bradenton 1
BOTTOM OF THE 6TH
Bradenton Marauders batting - Pitching for Clearwater Threshers : LHP Jesus Barajas
Batting: SHB Mike Jorgenson 0-0: Called Strike
0-1: Foul Ball, location: 2F
0-2: Ball
1-2: Reached on error, E5 (Groundball, 56S, EV 81.9 MPH)
Batting: RHB Pedro Criollo 0-0: Ball
1-0: Swinging Strike
1-1: Ball
2-1: Foul Ball, location: 2F
2-2: SINGLE (Groundball, 34D, EV 106.3 MPH)
Mike Jorgenson to second
Runner from 2nd tries for 3rd, SAFE, throw by RF made to third
Batting: RHB Lupe Covarrubias 0-0: Called Strike
0-1: Ball
1-1: Called Strike
1-2: Fielders Choice at 2nd, 6-4 (Groundball, 6, EV 104.4 MPH)
Mike Jorgenson scores
Batting: LHB Alex Mandry 0-0: Fly out, F7 (Flyball, 7S, EV 90.0 MPH)
Batting: RHB Sergio Aceves 0-0: Ball
1-0: DOUBLE (Line Drive, 89D, EV 105.6 MPH)
Lupe Covarrubias to third
Runner from 3rd tries for Home, SAFE, no throw by CF
Batting: SHB Francisco Salazar 0-0: Ball
1-0: Swinging Strike
1-1: Called Strike
1-2: Strikes out swinging
Bottom of the 6th over - 2 runs, 2 hits, 1 error, 1 left on base; Clearwater 4 - Bradenton 3
TOP OF THE 7TH
Clearwater Threshers batting - Pitching for Bradenton Marauders : RHP Josh Palmer
Batting: RHB Juan Aleman 0-0: Ball
1-0: SINGLE (Flyball, 4D, EV 86.9 MPH)
Batting: LHB Jose Torres 0-0: Ball
1-0: Called Strike
Juan Aleman steals 2nd base (no throw)
1-1: Called Strike
1-2: Strikes out swinging
Batting: SHB Joe Lightell 0-0: Intentional Walk
Batting: RHB Bobby Rolison 0-0: Ball
1-0: Swinging Strike
1-1: Ball
Wild Pitch!
Juan Aleman to third
Joe Lightell to second
2-1: Foul Ball, location: 2F
2-2: Ball
3-2: Base on Balls
Batting: SHB Isaiah Dixon 0-0: Ball
1-0: Ball
2-0: Called Strike
2-1: Ball
3-1: Grounds into fielders choice 4-2 (Groundball, 4MS, EV 63.8 MPH)
Joe Lightell to third
Bobby Rolison to second
Batting: LHB Alexis Burgos 0-0: Called Strike
0-1: Ball
1-1: Ball
2-1: Ball
3-1: Base on Balls
Joe Lightell scores
Bobby Rolison to third
Isaiah Dixon to second
Batting: RHB Arnaud Christophe 0-0: Ball
1-0: Ball
2-0: Ball
3-0: Called Strike
3-1: Foul Ball, location: 2F
3-2: Base on Balls
Bobby Rolison scores
Isaiah Dixon to third
Alexis Burgos to second
Batting: LHB Ignacio Bernal 0-0: Ball
1-0: Foul Ball, location: 2F
1-1: Foul Ball, location: 2F
1-2: Foul Ball, location: 2F
1-2: Ball
2-2: Fly out, F7 (Flyball, 7S, EV 85.6 MPH)
Top of the 7th over - 2 runs, 1 hit, 0 errors, 3 left on base; Clearwater 6 - Bradenton 3
BOTTOM OF THE 7TH
Bradenton Marauders batting - Pitching for Clearwater Threshers : LHP Jesus Barajas
Pinch Hitting: RHB Rafael Orta 0-0: Ball
1-0: Ball
2-0: Swinging Strike
2-1: Foul Ball, location: 2F
2-2: Ball
3-2: Base on Balls
Pitching: RHP Matt Apodaca
Batting: RHB Slamet Pamungkas 0-0: Grounds into double play, 6-4-3 (Groundball, 6, EV 83.1 MPH)
Batting: RHB Yoshiaki Tsutsui 0-0: Called Strike
0-1: Ball
1-1: Ball
2-1: Foul Ball, location: 2F
2-2: Strikes out swinging
Bottom of the 7th over - 0 runs, 0 hits, 0 errors, 0 left on base; Clearwater 6 - Bradenton 3
TOP OF THE 8TH
Clearwater Threshers batting - Pitching for Bradenton Marauders : RHP Josh Palmer
Pitching: RHP Kun-young Choy
Pinch Hitting: LHB Andres Navarro 0-0: Called Strike
0-1: Ball
1-1: Ball
2-1: Called Strike
2-2: Foul Ball, location: 2F
2-2: Foul Ball, location: 2F
2-2: Fly out, F9 (Flyball, 9S, EV 93.1 MPH)
Batting: RHB Juan Aleman 0-0: Called Strike
0-1: Called Strike
0-2: SOLO HOME RUN (Flyball, 7LD, EV 98.8 MPH), Distance : 362 ft
Batting: LHB Jose Torres 0-0: Foul Ball, location: 2F
0-1: Ground out U3 (Groundball, 3, EV 81.9 MPH)
Batting: SHB Joe Lightell 0-0: Fly out, F8 (Flyball, 8LXD, EV 86.9 MPH)
Top of the 8th over - 1 run, 1 hit, 0 errors, 0 left on base; Clearwater 7 - Bradenton 3
BOTTOM OF THE 8TH
Bradenton Marauders batting - Pitching for Clearwater Threshers : RHP Matt Apodaca
Pitching: RHP Armando Avila
Batting: SHB Mike Jorgenson 0-0: Ball
1-0: Called Strike
1-1: Fly out, F7 (Flyball, 7, EV 78.8 MPH)
Batting: RHB Pedro Criollo 0-0: Ground out 6-3 (Groundball, 6, EV 76.9 MPH)
Batting: RHB Lupe Covarrubias 0-0: Called Strike
0-1: Ball
1-1: Called Strike
1-2: Ball
2-2: Fly out, F8 (Line Drive, 8LM, EV 91.9 MPH)
Bottom of the 8th over - 0 runs, 0 hits, 0 errors, 0 left on base; Clearwater 7 - Bradenton 3
TOP OF THE 9TH
Clearwater Threshers batting - Pitching for Bradenton Marauders : RHP Kun-young Choy
Pitching: RHP Mike Hale
Batting: RHB Bobby Rolison 0-0: Called Strike
0-1: Ground out 3-1 (Groundball, 34, EV 86.9 MPH)
Batting: SHB Isaiah Dixon 0-0: SINGLE (Line Drive, 3D, EV 110.0 MPH)
Batting: LHB Alexis Burgos 0-0: Called Strike
0-1: Ball
1-1: Ball
2-1: Ground out 4-3 (Groundball, 13, EV 80.6 MPH)
Isaiah Dixon to second
Batting: RHB Arnaud Christophe 0-0: Called Strike
0-1: Ball
1-1: SINGLE (Groundball, 6D, EV 98.8 MPH)
Isaiah Dixon to third
Runner from 3rd tries for Home, SAFE, throw by CF to home
Batting: LHB Ignacio Bernal 0-0: Hit by Pitch
Arnaud Christophe to second
Pinch Hitting: RHB Steve Olenski 0-0: Ball
1-0: Ball
2-0: Swinging Strike
2-1: DOUBLE (Flyball, 9LD, EV 86.9 MPH)
Arnaud Christophe scores
Ignacio Bernal to third
Runner from 3rd tries for Home, SAFE, throw by RF to trailing runner, SAFE at third!
Batting: RHB Juan Aleman 0-0: SINGLE (Line Drive, 4D, EV 98.8 MPH)
Steve Olenski scores
Pitching: RHP Mark Campbell
Batting: LHB Jose Torres 0-0: Ball
1-0: Swinging Strike
1-1: Swinging Strike
1-2: Foul Ball, location: 2F
1-2: Ground out 4-3 (Groundball, 4D, EV 111.9 MPH)
Top of the 9th over - 4 runs, 4 hits, 0 errors, 1 left on base; Clearwater 11 - Bradenton 3
BOTTOM OF THE 9TH
Bradenton Marauders batting - Pitching for Clearwater Threshers : RHP Armando Avila
Pitching: RHP Roberto Montoya
Pinch Hitting: LHB Tom Dempsey 0-0: Called Strike
0-1: Ball
1-1: DOUBLE (Groundball, 3L, EV 108.1 MPH)
Pinch Hitting: RHB Jon Schulte 0-0: Called Strike
0-1: Ball
1-1: Foul Ball, location: 2F
1-2: Ball
2-2: Foul Ball, location: 2F
2-2: Ball
3-2: Base on Balls
Batting: SHB Francisco Salazar 0-0: Ball
1-0: Called Strike
1-1: Ball
2-1: Swinging Strike
2-2: Strikes out swinging
Pinch Hitting: RHB Raul Mendoza 0-0: Called Strike
0-1: Ball
1-1: Grounds into double play, 6-4-3 (Groundball, 6, EV 90.0 MPH)
Bottom of the 9th over - 0 runs, 1 hit, 0 errors, 1 left on base; Clearwater 11 - Bradenton 3
Thursday, March 31st , 2022 - OOTP Baseball 22.12 Build 89